 Dungeon Crawl Stone Soup version 0.31-a0-152-g6aa68a64a1 (webtiles) character file.

Game seed: 4713386488479222534

274 qw the Shooter (level 6, -5/56 HPs)
             Began as a Naga Hunter on June 10, 2023.
             Slain by a water moccasin (8 damage)
             ... on level 4 of the Dungeon.
             The game lasted 00:01:06 (2685 turns).

qw the Shooter (Naga Hunter)                        Turns: 2685, Time: 00:01:07

Health: -5/56      AC:  3    Str: 14    XL:     6   Next: 24%
Magic:  6/6        EV:  9    Int:  9    God:
Gold:   174        SH:  0    Dex: 16    Spells: 5/5 levels left

rFire   . . .        Y - +0 shortbow
rCold   . . .        (shield currently unavailable)
rNeg    . . .        c - +0 leather armour
rPois   +            (no helmet)
rElec   .            (no cloak)
rCorr   .            (no gloves)
SInv    +            (no barding)
Will    .....        (no amulet)
Stlth   ++           (no ring)
HPRegen 0.29/turn    (no ring)
MPRegen 0.10/turn

%: no passive effects
@: very slow
A: AC +2, large, see invisible, deformed body, poison resistance, slowness 2,
spit poison 1, naga tail 1
a: Spit Poison


You were on level 4 of the Dungeon.
You visited 1 branch of the dungeon, and saw 4 of its levels.

You collected 174 gold pieces.


Innate Abilities, Weirdness & Mutations

Your serpentine skin is tough. (AC +2)
You have supernaturally acute eyesight. (SInv)
Armour fits poorly on your strangely shaped body.
Your system is resistant to poisons. (rPois)
You cover ground very slowly.
You can spit poison.
You have a snake-like lower body.


   Skills:
 + Level 3.4 Fighting
 - Level 6.1 Ranged Weapons
 - Level 1.5 Dodging
 - Level 1.5 Stealth


You had 5 spell levels left.
You didn't know any spells.
Your spell library was empty.

Inventory:

Hand Weapons
 Y - a +0 shortbow (weapon)
Armour
 c - a +0 leather armour (worn)
Scrolls
 a - a scroll of identify
 b - a scroll of enchant armour {unknown}
Potions
 d - a potion of enlightenment {unknown}
 e - a potion of brilliance {unknown}
 f - a potion of haste {unknown}
 g - a potion of curing {unknown}

Dungeon Overview and Level Annotations

Branches:
Dungeon (4/15)
 Temple: D:4-7

Altars:
Makhleb
Xom


Message History

Enter note: You shoot an arrow.
The arrow misses the water moccasin.
The water moccasin hisses angrily.
You shoot an arrow. The arrow hits the water moccasin.
The water moccasin is lightly wounded.
You shoot an arrow.
The arrow closely misses the water moccasin.
You shoot an arrow.
The arrow closely misses the water moccasin.
The water moccasin bites you.
You shoot an arrow. The arrow hits the water moccasin.
The water moccasin is lightly wounded.
The water moccasin bites you. The water moccasin barely misses you.
You shoot an arrow. The arrow misses the water moccasin.
The water moccasin bites you. The water moccasin bites you!
You shoot an arrow. The arrow misses the water moccasin.
The water moccasin bites you!
You shoot an arrow. The arrow hits the water moccasin.
The water moccasin is moderately wounded.
The water moccasin bites you!
The water moccasin bites you but does no damage.
You shoot an arrow. The arrow hits the water moccasin.
The water moccasin is moderately wounded.
The water moccasin bites you.
You shoot an arrow.
The arrow closely misses the water moccasin.
The water moccasin bites you! The water moccasin bites you.
You shoot an arrow. The arrow hits the water moccasin.
The water moccasin is heavily wounded.
The water moccasin barely misses you. The water moccasin bites you.
You shoot an arrow. The arrow misses the water moccasin.
The water moccasin bites you.
You shoot an arrow.
The arrow closely misses the water moccasin.
The water moccasin bites you! The water moccasin barely misses you.
You shoot an arrow.
The arrow hits the water moccasin but does no damage.
The water moccasin is heavily wounded.
The water moccasin barely misses you. The water moccasin bites you!
You die...

#..#.....#'##......#
#....#
#..#.)...#..#......#
#....#
#..#.....#..#......#
#....#
#..#.....#..'......#
#....#
#..#.....#..#.)....#
######
#..#.....#..##.....#
# #.....'...'.....#
# #.....#...#.....#
# #.....#..##..@..#
#.....#..####S###
#.....#..+ ...
#.....#..# .....
#.....#####.##.##
....## #. .# .. ..
.. ..


You could see a water moccasin.

Vanquished Creatures
  A scorpion (D:4)
  An orc priest (D:4)
  2 orc wizards (D:4)
  3 adders
  2 worms (D:2)
  3 dart slugs
  13 orcs
  3 endoplasms
  A giant cockroach (D:1)
  5 goblins
  12 hobgoblins
  5 jackals (D:3)
  9 kobolds
  3 quokkas
  6 ball pythons
  6 bats
  2 frilled lizards
  6 rats
83 creatures vanquished.

Notes
Turn   | Place    | Note
-------+----------+-------------------------------------------
     0 | D:1      | qw the Naga Hunter began the quest for the Orb.
     0 | D:1      | Reached XP level 1. HP: 19/19 MP: 1/1
     0 | D:1      | 0 ||| qw: Version: 0.2-a-122-gbc61b45
     0 | D:1      | 0 ||| qw: Game counter: 3532
     0 | D:1      | 0 ||| qw: Always use a shield: true
     0 | D:1      | 0 ||| qw: God list: Okawaru
     0 | D:1      | 0 ||| qw: Allow faded altars: false
     0 | D:1      | 0 ||| qw: Do Orc after D:15 true
     0 | D:1      | 0 ||| qw: Do second Lair branch before Depths: true
     0 | D:1      | 0 ||| qw: Lair rune preference: random
     0 | D:1      | 0 ||| qw: Plans: Normal
     0 | D:1      | 0 ||| PLANNING D:1-11
    30 | D:1      | 30 ||| INVOKING Spit Poison.
    65 | D:1      | 65 ||| INVOKING Spit Poison.
    75 | D:1      | 75 ||| INVOKING Spit Poison.
    79 | D:1      | 79 ||| INVOKING Spit Poison.
    90 | D:1      | 90 ||| INVOKING Spit Poison.
    93 | D:1      | Reached skill level 4 in Ranged Weapons
    93 | D:1      | Reached XP level 2. HP: 25/26 MP: 2/2
   105 | D:1      | 105 ||| INVOKING Spit Poison.
   111 | D:1      | 111 ||| INVOKING Spit Poison.
   114 | D:1      | 114 ||| INVOKING Spit Poison.
   115 | D:1      | 115 ||| INVOKING Spit Poison.
   134 | D:1      | 134 ||| INVOKING Spit Poison.
   176 | D:1      | 176 ||| INVOKING Spit Poison.
   198 | D:1      | 198 ||| READING scroll labelled OPHOIC MEADWI.
   250 | D:1      | 250 ||| INVOKING Spit Poison.
   254 | D:1      | 254 ||| INVOKING Spit Poison.
   257 | D:1      | 257 ||| INVOKING Spit Poison.
   276 | D:1      | 276 ||| INVOKING Spit Poison.
   284 | D:1      | 284 ||| INVOKING Spit Poison.
   285 | D:1      | 285 ||| INVOKING Spit Poison.
   296 | D:1      | Found a faded altar of an unknown god.
   371 | D:1      | 371 ||| INVOKING Spit Poison.
   387 | D:1      | 387 ||| INVOKING Spit Poison.
   469 | D:1      | 469 ||| INVOKING Spit Poison.
   472 | D:1      | Reached XP level 3. HP: 32/32 MP: 3/3
   498 | D:1      | 498 ||| INVOKING Spit Poison.
   622 | D:1      | 622 ||| READING scroll labelled VARECZ SENE.
   623 | D:1      | 623 ||| DRINKING 2 smoky brown potions.
   624 | D:1      | 624 ||| DROPPING scroll of butterflies.
   625 | D:1      | 625 ||| DROPPING potion of magic.
   644 | D:2      | 644 ||| INVOKING Spit Poison.
   668 | D:2      | 668 ||| INVOKING Spit Poison.
   669 | D:2      | 669 ||| INVOKING Spit Poison.
   674 | D:2      | 674 ||| INVOKING Spit Poison.
   695 | D:2      | 695 ||| INVOKING Spit Poison.
   721 | D:2      | 721 ||| INVOKING Spit Poison.
   766 | D:2      | 766 ||| INVOKING Spit Poison.
   844 | D:2      | 844 ||| INVOKING Spit Poison.
   849 | D:2      | 849 ||| INVOKING Spit Poison.
   857 | D:2      | 857 ||| INVOKING Spit Poison.
   877 | D:2      | 877 ||| INVOKING Spit Poison.
   881 | D:2      | 881 ||| INVOKING Spit Poison.
   887 | D:2      | 887 ||| INVOKING Spit Poison.
   893 | D:2      | 893 ||| INVOKING Spit Poison.
   941 | D:2      | 941 ||| INVOKING Spit Poison.
  1012 | D:2      | 1012 ||| INVOKING Spit Poison.
  1023 | D:2      | 1023 ||| INVOKING Spit Poison.
  1024 | D:2      | Reached skill level 5 in Ranged Weapons
  1024 | D:2      | Reached XP level 4. HP: 39/39 MP: 4/4
  1242 | D:2      | 1242 ||| READING scroll labelled VEOTWUCAGU.
  1243 | D:2      | 1243 ||| READING scroll labelled DUAMEROUPH.
  1282 | D:3      | 1282 ||| INVOKING Spit Poison.
  1326 | D:3      | 1326 ||| INVOKING Spit Poison.
  1333 | D:3      | 1333 ||| INVOKING Spit Poison.
  1336 | D:3      | 1336 ||| INVOKING Spit Poison.
  1395 | D:3      | 1395 ||| INVOKING Spit Poison.
  1415 | D:3      | 1415 ||| INVOKING Spit Poison.
  1422 | D:3      | 1422 ||| INVOKING Spit Poison.
  1426 | D:3      | 1426 ||| INVOKING Spit Poison.
  1490 | D:3      | Found a burning altar of Makhleb.
  1507 | D:3      | 1507 ||| INVOKING Spit Poison.
  1513 | D:3      | 1513 ||| INVOKING Spit Poison.
  1519 | D:3      | 1519 ||| INVOKING Spit Poison.
  1524 | D:3      | HP: 9/40 [adder (3)]
  1662 | D:3      | 1662 ||| INVOKING Spit Poison.
  1678 | D:3      | 1678 ||| INVOKING Spit Poison.
  1694 | D:3      | 1694 ||| INVOKING Spit Poison.
  1737 | D:3      | 1737 ||| INVOKING Spit Poison.
  1743 | D:3      | 1743 ||| INVOKING Spit Poison.
  1748 | D:3      | Reached skill level 3 in Fighting
  1749 | D:3      | 1749 ||| INVOKING Spit Poison.
  1753 | D:3      | 1753 ||| INVOKING Spit Poison.
  2079 | D:3      | 2079 ||| READING 2 scrolls labelled YDGHEY CEIRATH.
  2080 | D:3      | 2080 ||| DROPPING scroll of noise.
  2114 | D:4      | 2114 ||| INVOKING Spit Poison.
  2118 | D:4      | 2118 ||| INVOKING Spit Poison.
  2121 | D:4      | 2121 ||| INVOKING Spit Poison.
  2124 | D:4      | 2124 ||| INVOKING Spit Poison.
  2129 | D:4      | Reached XP level 5. HP: 14/49 MP: 5/5
  2129 | D:4      | HP: 11/49 [orc/+0 club (3)]
  2131 | D:4      | 2131 ||| INVOKING Spit Poison.
  2282 | D:4      | 2282 ||| INVOKING Spit Poison.
  2288 | D:4      | 2288 ||| INVOKING Spit Poison.
  2309 | D:4      | Found a shimmering altar of Xom.
  2331 | D:4      | 2331 ||| INVOKING Spit Poison.
  2471 | D:4      | 2471 ||| INVOKING Spit Poison.
  2474 | D:4      | 2474 ||| INVOKING Spit Poison.
  2477 | D:4      | 2477 ||| INVOKING Spit Poison.
  2478 | D:4      | Reached skill level 6 in Ranged Weapons
  2478 | D:4      | Reached XP level 6. HP: 47/56 MP: 6/6
  2483 | D:4      | 2483 ||| INVOKING Spit Poison.
  2486 | D:4      | 2486 ||| INVOKING Spit Poison.
  2493 | D:4      | 2493 ||| INVOKING Spit Poison.
  2647 | D:4      | 2647 ||| INVOKING Spit Poison.
  2671 | D:4      | Noticed a water moccasin
  2681 | D:4      | HP: 13/56 [water moccasin (7)]
  2684 | D:4      | HP: 2/56 [water moccasin (8)]
  2685 | D:4      | Slain by a water moccasin

Levels and vault maps discovered:
D:1:      shiori_shiawase, layout_loops_ring,
          shapermc_ecumenical_altar_notcrosses, minmay_tromino_v4_b
D:2:      layout_loops_ring
D:3:      layout_rooms, mainiacjoe_overflow_small_starburst
D:4:      layout_gridville, marbit_many_paths, xom_teletrap_fun,
          lemuel_tele_altar, chequers_hall_statues_corner_a,
          hangedman_abyss_or_decor_slice, kennysheep_nub,
          hangedman_decor_slide_cut

Skill      XL: |  1  2  3  4  5 |
---------------+----------------+-----
Ranged Weapons | 4 5 6 |  6.1
Fighting       | 3 |  3.4
Dodging        | |  1.5
Stealth        | |  1.5

Action                     |  1- 3 |  4- 6 || total
---------------------------+-------+-------++-------
   Fire: Shortbow          |    73 |   134 ||   207
Ability: Spit Poison       |    35 |    33 ||    68
    Use: Scroll            |     2 |     3 ||     5
         Potion            |     1 |       ||     1
 Armour: Leather armour    |     8 |    16 ||    24
  Dodge: Dodged            |    14 |    50 ||    64

Table legend:
 A = Non-vault XP
 B = Vault XP
 C = Vault XP percentage of total XP
 D = Non-vault monster count
 E = Vault monster count
 F = Vault count percentage of total count
                 A         B        C        D         E       F
            +---------+---------+-------+---------+---------+-------
      Total |     387 |       5 |   1.3 |      81 |       2 |   2.4
            +---------+---------+-------+---------+---------+-------
        D:1 |      34 |       5 |  12.8 |      21 |       2 |   8.7
        D:2 |      53 |       0 |   0.0 |      19 |       0 |   0.0
        D:3 |      63 |       0 |   0.0 |      25 |       0 |   0.0
        D:4 |     237 |       0 |   0.0 |      16 |       0 |   0.0
            +---------+---------+-------+---------+---------+-------
